 Dungeon Crawl Stone Soup version 0.28-a0-984-g3775c662fe (webtiles) character file.

Game seed: 7106249802628535907

186 ryw the Vexing (level 5, 0/45 HPs)
             Began as a Naga Arcane Marksman on Dec 3, 2021.
             Slain by an iguana (9 damage)
             ... on level 4 of the Dungeon.
             The game lasted 00:05:39 (3345 turns).

ryw the Vexing (Naga Arcane Marksman)               Turns: 3345, Time: 00:05:40

Health: 0/45       AC:  2    Str: 13    XL:     5   Next: 66%
Magic:  8/8        EV: 10    Int: 15    God:
Gold:   302        SH:  0    Dex: 11    Spells: 7/8 levels left

rFire   + . .      SeeInvis +   m - +0 trident (pain)
rCold   . . .      Faith    .   (no shield)
rNeg    . . .      Spirit   .   d - +0 robe
rPois   +          Reflect  .   (no helmet)
rElec   .          Harm     .   (no cloak)
rCorr   .          Rampage  .   (no gloves)
Will    .....                   (no barding)
Stlth   +.........              (no amulet)
HPRegen 0.15/turn               i - ring of protection from fire
MPRegen 0.11/turn               (no ring)

@: very slow
A: AC +1, large, see invisible, deformed body, poison resistance, slowness 2,
spit poison 1, naga tail 1
a: Spit Poison


You were on level 4 of the Dungeon.
You visited 1 branch of the dungeon, and saw 4 of its levels.

You collected 302 gold pieces.

Inventory:

Hand Weapons
 a - a +0 shortbow
 m - a +0 trident of pain (weapon)
Missiles
 b - 6 atropa-tipped darts
 g - 26 poisoned darts
Armour
 d - a +0 robe (worn)
Jewellery
 i - a ring of protection from fire (left hand)
Scrolls
 e - a scroll of teleportation
 f - 3 scrolls of identify
 k - a scroll of vulnerability {unknown}
Potions
 h - a potion of might
 j - a potion of ambrosia {unknown}
 l - a potion of attraction {unknown}


   Skills:
 + Level 2.2 Fighting
 * Level 3.3 Bows
 + Level 2.2 Dodging
 + Level 2.1 Spellcasting
 + Level 3.6 Hexes


You had 7 spell levels left.
You knew the following spells:

 Your Spells              Type           Power      Damage    Failure   Level
a - Slow                  Hex            48%        N/A       4%          1

Your spell library contained the following spells:

 Spells                   Type           Power      Damage    Failure   Level
 Inner Flame              Hex/Fire       7%         N/A       30%         3
 Portal Projectile        Hex/Tloc       14%        N/A       30%         3
 Cause Fear               Hex            6%         N/A       45%         4


Dungeon Overview and Level Annotations

Branches:
Dungeon (4/15)
 Temple: D:4-7

Altars:
Gozag
Makhleb
Vehumet
Zin

Shops:
D:1 [   D:2 (


Innate Abilities, Weirdness & Mutations

Your serpentine skin is tough. (AC +1)
You have supernaturally acute eyesight. (SInv)
Armour fits poorly on your strangely shaped body.
Your system is resistant to poisons. (rPois)
You cover ground very slowly.
You can spit poison.
You have a snake-like lower body.


Message History

The iguana is almost dead.
The iguana bites you.
Fire: 2 arrows
Press: ? - help, Q - select action, (/) - cycle Shift-Dir - straight line, f/p - iguana
Aim: an iguana (almost dead, 61% to hit)
You shoot an arrow.
The arrow hits the iguana but does no damage.
The iguana is almost dead.
The iguana closely misses you.
Unknown command.
Unknown command.
Fire: arrow
Press: ? - help, Q - select action, (/) - cycle Shift-Dir - straight line, f/p - iguana
Aim: an iguana (almost dead, 61% to hit)
You shoot an arrow.
The arrow hits the iguana but does no damage.
The iguana is almost dead.
The iguana bites you but does no damage.
Unknown command.
Unknown command.
The iguana bites you!
* * * LOW HITPOINT WARNING * * *
The iguana bites you but does no damage.
The iguana bites you.
* * * LOW HITPOINT WARNING * * *
The iguana hisses menacingly.
The iguana closely misses you.
You have a feeling of ineptitude.
m - a +0 trident of pain (weapon)
Unknown command.
You hit the iguana but do no damage.
The iguana is almost dead.
The iguana barely misses you. The iguana closely misses you.
You closely miss the iguana.
The iguana is almost dead.
The iguana closely misses you.
You hit the iguana.
The iguana is almost dead.
The iguana bites you!
You die...

#..#.(.....#..#. #.##..#..#
#....(#.#.?...#. #.##.#....
#...#.....#?..#.## #.........
##....#.#....##.)#####......#
##.........................#
##.......#####.#####......#
#######.# #.# ##.#[#.#
#.###.#####.######.#.# #
#...(.l@............ .
#.....#####.######.###.
#.##### #.# .## #. # #.# # #
#.# #.# ... .#. . .


You could see an iguana.

Vanquished Creatures
  Natasha (thrice) (D:3)
  5 adders
  A dart slug (D:1)
  3 ball pythons
  3 bats
  4 endoplasms
  4 giant cockroaches
  5 goblins
  5 hobgoblins
  4 jackals (D:2)
  11 kobolds
  4 quokkas
  5 frilled lizards
  9 rats
66 creatures vanquished.

Notes
Turn   | Place    | Note
-------+----------+-------------------------------------------
     0 | D:1      | ryw the Naga Arcane Marksman began the quest for the Orb.
     0 | D:1      | Reached XP level 1. HP: 18/18 MP: 2/2
    41 | D:1      | Reached XP level 2. HP: 25/25 MP: 3/3
   589 | D:1      | Found Enuur's Armour Boutique.
   729 | D:1      | Reached XP level 3. HP: 31/31 MP: 5/5
  1241 | D:2      | Found Buschin's Weapon Boutique.
  1313 | D:2      | Found a glowing silver altar of Zin.
  1768 | D:2      | Reached XP level 4. HP: 38/38 MP: 6/6
  2064 | D:3      | Noticed Natasha
  2076 | D:3      | Killed Natasha
  2147 | D:3      | Noticed Natasha
  2310 | D:3      | Found a faded altar of an unknown god.
  2464 | D:3      | Killed Natasha
  2465 | D:3      | Reached XP level 5. HP: 24/45 MP: 7/7
  2640 | D:3      | Found a burning altar of Makhleb.
  2652 | D:3      | Found an opulent altar of Gozag.
  2686 | D:3      | Noticed Natasha
  2692 | D:3      | Killed Natasha
  3312 | D:4      | Found a radiant altar of Vehumet.
  3345 | D:4      | Slain by an iguana

Illustrated notes

Levels and vault maps discovered:
D:1:      shiori_arrival_oz, layout_basic, serial_shops, nicolae_square_shop
D:2:      layout_basic, serial_shops, shop_coins, basic_altar,
          grunt_decor_junction
D:3:      layout_basic, amethyst_overflow_temple_binary,
          hellmonk_ecumenical_altar_pennies_from_heaven, uniq_natasha
D:4:      layout_loops_ring, nicolae_vehumet_radiance,
          nicolae_wu_jian_immortal_techniques, zin_purify, st_stairs_5,
          kennysheep_generic_room_15

Skill      XL: |  1  2  3  4  5 |
---------------+----------------+-----
Bows           | 2 3 |  3.3
Dodging        | 2 |  2.2
Fighting       | 2 |  2.2
Spellcasting   | 2 |  2.1
Hexes          | |  3.6

Action                   |  1- 3 |  4- 6 || total
-------------------------+-------+-------++-------
Melee: Trident           |       |     3 ||     3
 Fire: Shortbow          |   114 |   120 ||   234
  Use: Scroll            |     2 |       ||     2
Armor: Robe              |     5 |    19 ||    24
Dodge: Dodged            |    36 |    41 ||    77

Table legend: (Time is in decaauts)
 A = Elapsed time spent in this place.
 B = Non-inter-level travel time spent in this place.
 C = Inter-level travel time spent in this place.
 D = Time resting spent in this place.
 E = Time spent auto-exploring this place.
 F = Levels seen in this place.
 G = Mean time per level.
                   A        B        C        D        E       F      G
               +--------+--------+--------+--------+--------+-----+--------+
         Total |   4280 |   4052 |    228 |    148 |   3285 |   4 | 1070.0 |
       Dungeon |   4280 |   4052 |    228 |    148 |   3285 |   4 | 1070.0 |
               +--------+--------+--------+--------+--------+-----+--------+

Top non-repeatable levels by time:
     D:3: 1442 daAuts
     D:2: 1413 daAuts
     D:1: 1132 daAuts
     D:4: 292 daAuts
